 Dungeon Crawl Stone Soup version 0.17.0-17-ge4ba49f (webtiles) character file.

216 Kold the Sneak (level 5, -2/29 HPs)
             Began as a Vine Stalker Monk on Nov 11, 2015.
             Killed by divine providence
             ... invoked by an orc priest
              (9 damage)
             ... on level 4 of the Dungeon.
             The game lasted 00:06:12 (2200 turns).

Kold the Sneak (Vine Stalker Monk)                  Turns: 2200, Time: 00:06:13

Health: -2/29      AC:  3    Str: 14    XL:     5   Next: 93%
Magic:  0/6        EV: 14    Int: 10    God:
Gold:   136        SH:  0    Dex: 17    Spells: 0 memorised, 4 levels left

rFire  . . .     SeeInvis .       - Unarmed
rCold  . . .     Clarity  .     h - +1 robe {MR+}
rNeg   . . .     SustAt   .     (no shield)
rPois  .         Gourm    .     (no helmet)
rElec  .         Spirit   +     (no cloak)
rCorr  .         Warding  .     (no gloves)
rMut   .         Stasis   .     (no boots)
MR     +....                    (no amulet)
Stlth  ++++......               q - ring of wizardry
                                g - ring of stealth

@: somewhat resistant to hostile enchantments, stealthy
A: fangs 2, regeneration 1, magic shield, antimagic bite, no device heal 3, rot
immunity
a: no special abilities


You were on level 4 of the Dungeon.
You were not hungry.

You visited 1 branch of the dungeon, and saw 4 of its levels.

You collected 136 gold pieces.

Inventory:

Hand Weapons
 f - a +0 dagger
 n - a +0 blowgun
 o - a +0 short sword
Missiles
 p - 13 poisoned needles
Armour
 h - a +1 robe of magic resistance (worn)
Jewellery
 g - a ring of stealth (left hand)
 q - a ring of wizardry (right hand)
Scrolls
 a - 2 scrolls of immolation
 c - 3 scrolls of magic mapping
 d - 4 scrolls of identify
 j - 2 scrolls of remove curse
 k - a scroll of amnesia {unknown}
 l - a scroll of teleportation
 m - a scroll of fear {unknown}
Comestibles
 b - 4 bread rations
 i - 5 fruits
 r - a chunk of flesh


   Skills:
 + Level 3.8 Fighting
 + Level 3.9 Dodging
 + Level 4.6 Stealth
 - Level 4.0 Unarmed Combat


You had 4 spell levels left.
You didn't know any spells.

Dungeon Overview and Level Annotations

Branches:
Dungeon (4/15)
 Temple: D:4-7

Altars:
Elyvilon

Annotations:
D:2 Sigmund


Innate Abilities, Weirdness & Mutations

You have extremely sharp teeth.
Your natural rate of healing is unusually fast.
When hurt, damage is shared between your health and your magic reserves.
Your bite disrupts and absorbs the magic of your enemies.
Potions and wands cannot restore your health.
You are immune to rotting.


Message History

An orc priest comes into view. It is wielding a mace.
An orc comes into view. It is wielding a trident.
Found a scroll of remove curse.
A giant cockroach and an orc come into view.
The orc shouts!
The orc priest shouts!
You hear a shout!
An orc priest comes into view. It is wielding a flail.
The orc priest invokes the aid of Beogh against you.
Something smites you!
An orc comes into view. It is wielding a hand axe of chopping.
The orc shouts! x2
The giant cockroach waves its antennae.
The orc priest mumbles some strange prayers to Beogh against you.
Something smites you!
* * * LOW HITPOINT WARNING * * *
The orc hits you but does no damage.
The orc priest miscasts a cantrip.
The orc priest casts a cantrip, but nothing happens.
The orc priest mumbles some strange prayers to Beogh against you.
Something smites you!
You die...

#.........####.# #.
#.#####.### ##.## #.
#รท# #.# ##...# #.
#.# #.# ##.###.
##.##.# ##.###.## #
##...#.# #......# #
#.#....<.####..###.##
## #.#............#
##.###.
#......@....>.##
##....
###..#.######## ####.
#..#o# #.
####..#.###.## #.
##............# #.
.....##.###..# #.
#.#..##o### # #.
#.s.....# . #...###.#


You could see an orc priest and an orc.

Vanquished Creatures
  A phantom (D:3)
  An iguana (D:4)
  An orc wizard (D:3)
  A hound skeleton (D:4)
  An ooze (D:1)
  A worm (D:3)
  2 orcs (D:3)
  6 goblins
  6 hobgoblins
  3 jackals (D:4)
  A ball python (D:2)
  3 bats
  A giant gecko (D:3)
  5 giant newts
  3 kobolds
  4 rats
40 creatures vanquished.

Vanquished Creatures (others)
  An orc (D:3)
1 creature vanquished.

Grand Total: 41 creatures vanquished

Notes
Turn   | Place    | Note
--------------------------------------------------------------
     0 | D:1      | Kold the Vine Stalker Monk began the quest for the Orb.
     0 | D:1      | Reached XP level 1. HP: 11/11 MP: 2/2
   460 | D:1      | Reached XP level 2. HP: 14/16 MP: 3/3
   703 | D:2      | Noticed Sigmund
   871 | D:2      | Found a white marble altar of Elyvilon.
  1029 | D:3      | Reached XP level 3. HP: 13/20 MP: 2/4
  1096 | D:3      | Noticed a phantom
  1163 | D:3      | Reached XP level 4. HP: 15/24 MP: 3/5
  1520 | D:3      | Killed a phantom
  1520 | D:3      | Reached XP level 5. HP: 6/28 MP: 2/6
  2200 | D:4      | Killed from afar by an orc priest

Action                   |  1- 3 |  4- 6 || total
-------------------------+-------+-------++-------
Melee: Unarmed           |    92 |    72 ||   164
 Fire: Blowgun           |       |    13 ||    13
  Use: Scroll            |     4 |       ||     4
       Potion            |       |     2 ||     2
 Stab: Sleeping          |     3 |     1 ||     4
       Distracted        |       |     1 ||     1
  Eat: Chunk             |       |     4 ||     4
